 Dungeon Crawl Stone Soup version 0.26.1-11-gd32895ea62 (webtiles) character file.

Game seed: 12879926711614710248

282 Zeld the Shield-Bearer (level 6, 0/44 HPs)
             Began as an Octopode Fighter on May 17, 2021.
             Slain by an orc (4 damage)
             ... on level 3 of the Dungeon.
             The game lasted 00:01:57 (2688 turns).

Zeld the Shield-Bearer (Octopode Fighter)           Turns: 2688, Time: 00:01:58

Health: 0/44       AC:  1    Str: 17    XL:     6   Next: 28%
Magic:  6/6        EV: 12    Int: 10    God:
Gold:   221        SH:  9    Dex: 12    Spells: 5/5 levels left

rFire    . . .     SeeInvis .   a - +0 war axe
rCold    . . .     Faith    .   b - +0 kite shield
rNeg     . . .     Spirit   .   (helmet restricted)
rPois    .         Reflect  .   (no amulet)
rElec    .         Harm     .   (no ring)
rCorr    .         Rampage  .   (no ring)
Will     .....                  (no ring)
Stlth    ++........             (no ring)
HPRegen  0.14/turn              (no ring)
MPRegen  0.10/turn              (no ring)
                                (no ring)
                                (no ring)

@: no status effects
A: almost no armour, stealthy swim, amphibious, 8 rings, constrict 8, camouflage
1, gelatinous body 1
a: no special abilities


You were on level 3 of the Dungeon.
You visited 1 branch of the dungeon, and saw 4 of its levels.

You collected 221 gold pieces.

Inventory:

Hand Weapons
 a - a +0 war axe (weapon)
Armour
 b - a +0 kite shield (worn)
Scrolls
 d - 2 scrolls of magic mapping {unknown}
 e - 5 scrolls of teleportation {unknown}
 f - a scroll of noise {unknown}
 g - a scroll of amnesia {unknown}
 h - 5 scrolls of identify {unknown}
 i - 2 scrolls of fog {unknown}
 k - 3 scrolls of immolation {unknown}
 n - a scroll of blinking {unknown}
 o - a scroll of enchant weapon {unknown}
 p - a scroll of enchant armour {unknown}
 r - 2 scrolls of remove curse {unknown}
Potions
 c - a potion of might
 j - 2 potions of curing {unknown}
 l - a potion of berserk rage {unknown}
 m - 2 potions of heal wounds {unknown}
 q - a potion of flight {unknown}
 s - a potion of ambrosia {unknown}


   Skills:
 * Level 4.6 Fighting
 * Level 4.0 Axes
 - Level 3.0 Dodging
 * Level 4.6 Shields


You had 5 spell levels left.
You didn't know any spells.
Your spell library was empty.

Dungeon Overview and Level Annotations

Branches:
Dungeon (4/15)
 Temple: D:4-7

Altars:
Sif Muna
Wu Jian


Innate Abilities, Weirdness & Mutations

You cannot wear most types of armour.
You are very stealthy in the water. (Stealth+)
You are amphibious.
You can wear up to eight rings at the same time.
You can use your tentacles to constrict eight enemies at once.
Your skin changes colour to match your surroundings (Stealth+).
Your rubbery body absorbs attacks. (AC +1, EV +1)


Message History

There is a stone staircase leading down here.
The orc closely misses you.
You hit the orc but do no damage. You grab the orc.
You squeeze the orc, but do no damage. You hit the orc. You constrict the orc.
You block the orc's attack. The orc closely misses you.
The ogre hits you with a +0 giant spiked club.
You block the orc's attack.
You release your grip on the orc.
You block the orc's attack.
You closely miss the orc. You grab the orc. You squeeze the orc.
You kill the orc!
You barely miss the orc. The orc misses you.
The ogre hits you with a +0 giant spiked club!!
Ouch! That really hurt!
* * * LOW HITPOINT WARNING * * *
You block the orc's attack.
Your Axes skill increases to level 4!
The orc barely misses you.
There is a stone staircase leading up here.
The orc hits you.
You die...

............#.##.# ##.####.#.##.
#############.##.# #.# #.#.##.
#....#.##.### #.# #.#.###
#.##.#......# #.# #......
#.##.#####..# #.# ###.#.# #.##.#
#..###.# #.#.#
######.##.#####O.....# #.#..
#....#........o#.##..# #....
#......#.#####@#.O...# #####
#......#.##....##.##.#
#......#.##........#.#
#........##........#.#
###.........'..........#
...........##.......#..#
...........++....#..#..#
...........##....#.##..#########
...............#.#.##..........#


You could see an ogre and an orc.

Vanquished Creatures
  A centaur (D:3)
  2 orc priests (D:3)
  8 adders
  An ufetubus (D:3)
  A worm (D:2)
  4 dart slugs
  A leopard gecko (D:1)
  8 orcs
  2 giant cockroaches
  A goblin (D:2)
  6 hobgoblins
  A quokka (D:2)
  6 bats
  5 frilled lizards
  9 kobolds
  4 rats (D:1)
60 creatures vanquished.

Notes
Turn   | Place    | Note
-------+----------+-------------------------------------------
     0 | D:1      | Zeld the Octopode Fighter began the quest for the Orb.
     0 | D:1      | Reached XP level 1. HP: 16/16 MP: 1/1
   337 | D:2      | Reached XP level 2. HP: 21/21 MP: 2/2
   434 | D:4      | Noticed an ogre
   483 | D:3      | Reached XP level 3. HP: 12/26 MP: 3/3
   812 | D:1      | Reached XP level 4. HP: 32/32 MP: 4/4
  1370 | D:2      | Found a shimmering blue altar of Sif Muna.
  1370 | D:2      | Found an ornate altar of the Wu Jian Council.
  1407 | D:2      | Reached XP level 5. HP: 25/37 MP: 5/5
  2573 | D:3      | Noticed a centaur
  2576 | D:3      | Killed a centaur
  2577 | D:3      | Reached XP level 6. HP: 40/44 MP: 6/6
  2672 | D:3      | HP: 2/44 [ogre/+0 giant spiked club (25)]
  2688 | D:3      | Slain by an orc

Illustrated notes

Levels and vault maps discovered:
D:1:      giann_forest_graveyard, layout_rooms
D:2:      layout_rooms, gammafunk_temple_overflow_statue
D:3:      layout_basic
D:4:      layout_gridville, minmay_temple_entry_junction_2, serial_shops,
          shop_fountains, shop, shop, shop, fedhas_altar_2, uniq_ijyb,
          uniq_sigmund

Skill      XL: |  1  2  3  4  5  6 |
---------------+-------------------+-----
Axes           | 3 4 |  4.0
Fighting       | 4 |  4.6
Shields        | 4 |  4.6
Dodging        | |  3.0

Action                   |  1- 3 |  4- 6 || total
-------------------------+-------+-------++-------
Melee: War axe           |    34 |    69 ||   103
       Constrict         |    11 |    17 ||    28
       Tentacles         |     3 |    12 ||    15
 Stab: Sleeping          |       |     5 ||     5
Armor: Skin              |     3 |     2 ||     5
Dodge: Dodged            |     9 |    51 ||    60
Block: Kite shield       |    13 |    37 ||    50
